Map: Port Aleksander LE

Players

ViBE - Winner!

  • Race: Protoss Protoss
  • League: Gold
  • Spawn Location: 5:00

Xerxes

  • Race: Zerg Zerg
  • League: Platinum
  • Spawn Location: 11:00

VOD

Have the link to the VOD?

Description

Time

  • Played on: Nov. 28, 2018, 7:11 p.m.
  • Length: 13:00
Show
View Real Time Build Order
Export as new Build Order

ViBE Protoss - Winner!

Build Orders: Colossus Rush 

Get SALT Encoding   

  12  0:00  Probe  
  13  0:13  Probe  
  14  0:21  Pylon  
  14  0:25  Probe  
  15  0:35  Probe  
  16  0:43  Probe  
  16  0:44  Gateway  
  17  0:53  Probe  
  17  0:54  Assimilator  
  18  1:03  Assimilator  
  18  1:05  Probe  
  19  1:16  Probe  
  20  1:23  Pylon  
  20  1:24  Probe  
  21  1:37  Cybernetics Core  
  21  1:40  Probe  
  22  1:57  Nexus  
  22  2:02  Probe  
  23  2:14  Probe  
  24  2:16  Sentry  
  26  2:24  Probe, Pylon  
  27  2:35  Pylon, Probe  
  28  2:44  Robotics Facility  
  28  2:50  Warp Gate, Stalker  
  30  3:00  Probe  
  30  3:02  Pylon  
  31  3:08  Probe  
  31  3:09  Probe  
  32  3:18  Probe  
  33  3:20  Probe  
  35  3:28  Probe  
  35  3:30  Probe  
  35  3:31  Observer  
  38  3:35  Robotics Bay  
  38  3:37  Probe  
  38  3:40  Shield Battery  
  39  3:43  Probe  
  40  3:49  Probe  
  40  3:55  Probe  
  42  3:56  Stalker  
  42  3:58  Probe  
  42  4:02  Assimilator  
  45  4:04  Assimilator, Probe  
  45  4:06  Probe  
  46  4:12  Probe  
  46  4:15  Forge, Probe  
  48  4:19  Gateway  
  48  4:21  Twilight Council  
  49  4:29  Colossus  
  49  4:31  Probe  
  56  4:32  Probe  
  56  4:35  Protoss Ground Weapons Level 1  
  57  4:39  Pylon  
  57  4:40  Stalker  
  59  4:49  Extended Thermal Lance  
  59  4:50  Pylon  
  59  5:02  Probe x2  
  61  5:14  Probe x2  
  63  5:15  Nexus  
  63  5:18  Pylon  
  63  5:21  Pylon  
  63  5:26  Probe x2  
  65  5:33  Colossus  
  71  5:42  Pylon  
  71  5:46  Stalker  
  71  5:47  Stalker  
  71  5:49  Probe x2  
  77  5:52  Charge  
  77  6:01  Probe  
  77  6:02  Probe  
  79  6:07  Shield Battery  
  79  6:11  Stalker x2  
  79  6:12  Probe  
  79  6:13  Probe  
  85  6:20  Probe, Pylon  
  85  6:21  Probe  
  85  6:24  Protoss Ground Weapons Level 2  
  86  6:27  Colossus  
  86  6:28  Probe  
  86  6:29  Probe  
  86  6:30  Probe  
  95  6:36  Assimilator  
  95  6:37  Assimilator  
  96  6:45  Gateway  
  96  6:46  Gateway  
  96  6:48  Gateway  
  96  6:50  Gateway  
  96  6:54  Templar Archives  
  96  6:56  Probe x2  
  96  6:58  Probe  
  99  7:11  Nexus  
  99  7:13  Pylon  
  99  7:16  Pylon  
  99  7:19  Probe x3  
  102  7:26  Colossus  
  108  7:32  Probe  
  108  7:33  Probe x2  
  111  7:44  Stalker x2  
  111  7:45  Stalker x3  
  111  7:48  Stalker  
  123  7:52  Probe x3  
  126  8:02  Pylon  
  126  8:04  Probe x2  
  128  8:07  Gateway  
  128  8:08  Gateway  
  128  8:13  Gateway  
  128  8:17  Gateway  
  128  8:21  Gateway  
  128  8:22  Gateway  
  128  8:26  Gateway  
  128  8:28  Gateway  
  128  8:34  Assimilator  
  128  8:35  High Templar x5, Assimilator  
  128  8:36  High Templar  
  128  8:39  Archon x2  
  128  8:40  Archon  
  140  8:45  Pylon  
  140  8:47  Photon Cannon  
  140  8:48  Shield Battery  
  140  8:52  Photon Cannon  
  140  8:55  Shield Battery  
  140  8:57  Shield Battery  
  140  8:59  Photon Cannon  
  140  9:01  Photon Cannon  
  140  9:02  Pylon  
  140  9:04  Shield Battery  
  140  9:08  High Templar x4  
  140  9:09  High Templar  
  150  9:11  High Templar  
  150  9:12  Zealot  
  150  9:13  Zealot x3  
  150  9:15  Archon x2  
  150  9:16  Archon  
  160  9:20  Protoss Ground Weapons Level 3  
  160  9:26  Zealot  
  160  9:27  Zealot x3  
  168  9:54  Nexus  
  168  9:55  Pylon  
  168  9:58  Pylon  
  168  10:03  Zealot x7  
  168  10:04  Zealot x3  
  188  10:08  Pylon  
  188  10:12  Pylon  
  130  10:40  High Templar x5  
  130  10:41  High Templar x6  
  148  10:44  Zealot x3  
  148  10:45  Archon  
  148  10:46  Archon x4  
  154  10:58  Photon Cannon  
  154  11:00  Photon Cannon  
  154  11:03  Photon Cannon  
  154  11:06  Photon Cannon  
  154  11:09  Shield Battery  
  154  11:12  High Templar  
  154  11:13  Zealot x7  
  154  11:14  Zealot x5  
  154  11:15  Shield Battery  
  154  11:17  Shield Battery  
  180  11:20  Shield Battery  
  180  11:22  Assimilator  
  180  11:24  Assimilator  
  180  11:32  High Templar x6  
  188  11:34  Zealot x4  
  188  11:36  Archon x3  
  188  11:37  Archon  
  200  12:17  Stargate  
  200  12:18  Stargate  
  200  12:20  Stargate x2  
  194  12:24  Stargate  
  134  12:39  Zealot x4  
  134  12:40  Zealot x10  
Show
View Real Time Build Order
Export as new Build Order

Xerxes Zerg 

Build Orders: Hatch First, Lurkers 

Get SALT Encoding   

  12  0:04  Drone  
  13  0:13  Drone  
  14  0:22  Overlord  
  14  0:27  Drone, Extractor  
  14  0:28  Extractor  
  13  0:30  Drone  
  16  0:42  Drone  
  17  0:49  Drone  
  18  0:58  Drone  
  19  1:06  Hatchery  
  18  1:17  Spawning Pool  
  17  1:20  Drone  
  17  1:22  Drone  
  19  1:32  Overlord  
  19  1:36  Extractor  
  18  1:50  Drone  
  18  1:52  Drone  
  20  2:09  Drone  
  21  2:17  Hatchery  
  21  2:18  Queen  
  21  2:19  Queen  
  24  2:23  Drone  
  24  2:27  Drone  
  24  2:29  Drone  
  27  2:32  Drone  
  27  2:36  Drone  
  29  2:47  Roach Warren  
  29  2:49  Drone  
  29  2:52  Drone  
  29  2:54  Drone  
  31  3:03  Drone  
  31  3:04  Drone  
  33  3:07  Drone  
  34  3:18  Hatchery  
  33  3:28  Drone  
  33  3:32  Overlord  
  34  3:35  Drone x2  
  34  3:36  Drone  
  34  3:37  Overlord  
  34  3:38  Drone x2  
  34  3:40  Drone  
  40  3:42  Drone  
  40  3:48  Lair  
  41  3:54  Drone x2  
  43  3:57  Drone  
  43  3:58  Drone  
  45  4:03  Drone  
  45  4:04  Drone  
  45  4:05  Drone  
  45  4:09  Drone  
  49  4:10  Drone  
  49  4:13  Drone  
  49  4:15  Drone  
  52  4:17  Drone  
  52  4:19  Drone  
  54  4:24  Overlord  
  54  4:27  Overlord  
  54  4:30  Queen  
  56  4:34  Overlord  
  56  4:35  Drone  
  56  4:37  Drone  
  58  4:40  Roach  
  58  4:41  Roach  
  58  4:43  Roach  
  58  4:44  Roach  
  66  4:46  Drone  
  66  4:47  Drone  
  66  4:48  Drone  
  66  4:49  Drone  
  70  4:58  Roach x2  
  74  5:03  Hydralisk Den  
  73  5:11  Drone, Extractor  
  73  5:12  Drone  
  73  5:13  Drone  
  75  5:20  Zergling x2  
  75  5:21  Zergling x6  
  79  5:25  Extractor  
  79  5:26  Extractor  
  79  5:28  Drone x4, Hatchery  
  78  5:29  Hatchery  
  78  5:30  Glial Reconstitution  
  78  5:32  Hatchery  
  78  5:39  Drone x3  
  78  5:40  Drone  
  78  5:41  Drone x4  
  86  5:47  Drone x2  
  88  5:50  Overlord x2  
  88  6:02  Evolution Chamber  
  88  6:03  Evolution Chamber  
  86  6:06  Evolution Chamber  
  85  6:14  Lurker Den, Overseer  
  85  6:17  Infestation Pit  
  83  6:20  Hydralisk x2  
  83  6:21  Hydralisk  
  83  6:25  Drone x3  
  91  6:26  Extractor  
  91  6:27  Extractor  
  90  6:35  Drone  
  90  6:36  Drone x6  
  97  6:41  Hatchery  
  97  6:44  Drone x3, Hatchery  
  98  6:50  Zerg Missile Weapons Level 1, Zerg Melee Weapons Level 1  
  98  6:51  Extractor x3  
  98  6:53  Hatchery  
  98  6:54  Zerg Ground Armor Level 1  
  94  6:55  Extractor  
  94  7:00  Extractor  
  92  7:02  Metabolic Boost  
  92  7:04  Extractor  
  92  7:15  Drone x2  
  92  7:16  Drone  
  94  7:23  Hydralisk x5  
  94  7:24  Hydralisk  
  94  7:27  Zergling x12  
  94  7:28  Zergling x14  
  119  7:36  Overlord x3  
  119  7:38  Overlord  
  119  7:41  Overseer  
  119  7:56  Drone x6  
  119  7:57  Drone x7  
  119  7:58  Drone x4  
  136  7:59  Drone  
  137  8:08  Hive  
  137  8:19  Baneling Nest  
  136  8:25  Spire  
  136  8:26  Spire  
  134  8:42  Drone x3, Spine Crawler  
  134  8:43  Spine Crawler  
  134  8:46  Spine Crawler x2  
  134  8:47  Spine Crawler x2  
  131  8:53  Drone  
  131  8:54  Drone x2  
  131  8:55  Drone x3  
  137  8:56  Overlord x2  
  137  8:57  Overlord x4  
  137  9:00  Overseer x2  
  137  9:03  Hydralisk x2, Grooved Spines  
  137  9:05  Hydralisk  
  143  9:12  Lurker x4  
  143  9:13  Lurker x2  
  143  9:14  Lurker  
  143  9:15  Lurker x2  
  152  9:19  Centrifical Hooks  
  152  9:24  Adaptive Talons  
  152  9:30  Zerg Melee Weapons Level 2  
  152  9:33  Zerg Missile Weapons Level 2  
  152  9:41  Zerg Ground Armor Level 2  
  152  9:55  Baneling x3  
  152  9:56  Baneling x14  
  152  9:57  Baneling x4, Spine Crawler  
  152  9:58  Baneling  
  152  9:59  Baneling, Spine Crawler x2  
  130  10:14  Muscular Augments  
  71  10:36  Zergling x2  
  71  10:37  Roach x6, Zergling x12  
  71  10:38  Roach x6, Zergling x12  
  102  10:53  Roach x5, Zergling x2  
  113  10:59  Baneling x2  
  113  11:00  Baneling x7  
  113  11:09  Corruptor x2  
  117  11:15  Mutalisk x2  
  117  11:17  Mutalisk  
  123  11:23  Drone x3  
  126  11:33  Roach  
  126  11:34  Roach x4  
  136  11:40  Greater Spire  
  136  11:59  Drone  
  136  12:00  Drone x2  
  129  12:15  Drone x4  
  112  12:16  Drone x5  
  106  12:30  Roach x2, Zergling x4  
  106  12:31  Roach, Zergling x4  
Tags
 
Composition
Lurkers
Matchup
PvZ
Spawn Locations
Cross Positions
Add a new tag
Caveats
  • Supply blocks, unpowered buildings, or Contaminate may cause inaccurate times.
  • Supply counts are checked every 10 seconds.